Cogmind - Beta 14 @@@ ROGUE MODE // 2024.10.18 @ 10:20:53 Player: canerib Result: Destroyed by G-34 Mercenary with Small Laser Performance ------------- Evolutions (0) 0 Regions Visited (1) 200 Robots Destroyed (11) 55 Value Destroyed (288) 288 Prototype IDs (0) 0 Alien Tech Used (0) 0 Bonus (0) 0 TOTAL SCORE: 543 Bonus ------- None Cogmind --------- Core Integrity 0/250 Matter 254/300 Energy 100/100 System Corruption 0% Temperature Cool (6) Movement Walking (120) Location -10/Materials Parts ------- > --- POWER (1) -------- (None) > --- PROPULSION (2) --- Aluminum Leg > --- UTILITY (2) ------ Small Storage Unit > --- WEAPON (2) ------- (None) > --- INVENTORY (8) ---- Ion Engine Light Ion Engine Aluminum Leg Aluminum Leg Aluminum Leg Small Laser Light Assault Rifle Mining Laser Peak State ------------ > --- POWER ------------ Ion Engine > --- PROPULSION ------- Aluminum Leg Aluminum Leg > --- UTILITY ---------- Small Storage Unit Seismic Detector > --- WEAPON ----------- Light Assault Rifle Light Assault Rifle > --- INVENTORY -------- Light Ion Engine Small Laser [Rating: 7] Favorites ----------- Power Ion Engine Engine Ion Engine Propulsion Aluminum Leg Leg Aluminum Leg Utility Small Storage Unit Device Seismic Detector Storage Small Storage Unit Weapon Light Assault Rifle Ballistic Gun Light Assault Rifle Launcher Grenade Launcher Build | -11 -10 ------- Run | Yrd Mat Slots Evolved . | . . Power . | . . Propulsion . | . . Utility . | . . Weapon . | . . Parts Attached 13 | 5 8 Power 2 | 1 1 Engine 2 | 1 1 Core . | . . Reactor . | . . Propulsion 4 | 1 3 Treads . | . . Leg 4 | 1 3 Wheel . | . . Hover . | . . Flight . | . . Utility 2 | 1 1 Device 1 | . 1 Storage 1 | 1 . Processor . | . . Hackware . | . . Protection . | . . Artifact . | . . Weapon 5 | 2 3 Energy Gun . | . . Energy Cannon . | . . Ballistic Gun 3 | 2 1 Ballistic Cannon . | . . Launcher 2 | . 2 Special Weapon . | . . Impact Weapon . | . . Slashing Weapon . | . . Piercing Weapon . | . . Special Melee Weapon . | . . Unidentified Prototypes . | . . Parts Lost 5 | . 5 Power 1 | . 1 Propulsion 1 | . 1 Utility 1 | . 1 Weapon 2 | . 2 Highest Loss Streak 3 | . 3 To Critical Strikes . | . . Average Slot Usage (%) 89 | . 89 Engine 10 | . 10 Leg 25 | . 25 Device 12 | . 12 Storage 14 | . 14 Ballistic Gun 24 | . 24 Launcher 1 | . 1 Peak Build Rating 7 | 5 7 Average Rating 5 | 4 6 On Entrance 2 | . 5 Naked Turns . | . . Heaviest Build 13 | 10 13 Greatest Support 20 | 10 20 Greatest Overweight (x) 1 | . 1 Average Overweight (x) . | . . Largest Inventory Capacity 8 | 8 8 Average Capacity 7 | 7 8 Most Carried 8 | 5 8 Average Carried 5 | 2 6 Final Capacity 8 | 8 8 Final Carried 8 | 4 8 Class Distribution -------------------- 100% | Mutant Dominant Class ---------------- Mutant | -10/Materials Resources | -11 -10 ----------- Run | Yrd Mat Matter Collected 407 | 246 161 Remotely . | . . Salvage Created 299 | 25 274 Parts 26 | 5 21 Haulers Intercepted . | . . Recyclers Shooed 1 | . 1 Parts Field Recycled . | . . Retrieved Matter . | . . Parts Self-Destructed . | . . Prevented . | . . Kills | -11 -10 ------- Run | Yrd Mat Combat Hostiles Destroyed 10 | . 10 Guns 7 | . 7 AOE 3 | . 3 Classes Destroyed 3 | 1 2 Tunneler 1 | 1 . Swarmer 3 | . 3 Grunt 7 | . 7 Best Kill Streak 3 | 1 3 Combat Bots Only 3 | . 3 Max Kills in Single Turn 2 | 1 2 Gunslinging . | . . Exploded 2 | . 2 Melee . | . . Uniques/NPCs Destroyed . | . . Combat | -11 -10 -------- Run | Yrd Mat Hostile Shots Fired 113 | . 113 Missed 37 | . 37 Damage Taken 899 | . 899 Core 259 | . 259 Absorbed by Shields . | . . Core Remaining (%) 100 | 100 . Volleys Fired 50 | 2 48 Largest 2 | 2 2 Hottest 50 | 40 50 Shots Fired 99 | 4 95 Gun 93 | 4 89 Cannon . | . . Launcher 6 | . 6 Special . | . . Kinetic 93 | 4 89 Thermal . | . . Explosive 6 | . 6 Electromagnetic . | . . Robot Hit Streak 15 | 3 15 Robot Miss Streak 2 | 1 2 Penetration Max . | . . Secondary Targets 1 | . 1 Max Gunslinging Chain 1 | . 1 Shots Hit Robots 70 | 3 67 Core Hits 26 | 2 24 Critical Kills 1 | . 1 Critical Parts Destroyed 2 | . 2 Critical Strikes 3 | . 3 Destroy 3 | . 3 Melee Attacks . | . . Impact . | . . Slashing . | . . Piercing . | . . Sneak Attacks . | . . Combat Hostiles . | . . Follow-up Attacks . | . . Damage Inflicted 864 | 22 842 Guns 549 | 22 527 Cannons . | . . Explosions 312 | . 312 Melee . | . . Ramming 3 | . 3 Kinetic 549 | 22 527 Thermal . | . . Explosive 312 | . 312 Electromagnetic . | . . Impact . | . . Slashing . | . . Piercing . | . . Highest Corruption . | . . Average Corruption . | . . Corruption Purged . | . . Corruption Blocked . | . . Overload Shots . | . . Overflow Damage 14 | . 14 Projectiles . | . . Explosions 14 | . 14 Melee . | . . Knockbacks . | . . Impact . | . . Kinetic . | . . Secondary . | . . Self-Inflicted Damage 26 | . 26 Shots 1 | . 1 Rammed . | . . Targets Rammed 1 | . 1 Kicked 1 | . 1 Crushed . | . . Highest Temperature 37 | . 37 Average Temperature 9 | . 9 Received Heat Transfer 450 | . 450 Siege Activations . | . . Robots Corrupted . | . . Combat Hostiles . | . . Parts Fried . | . . Impact Corruptions . | . . Robots Melted . | . . Combat Hostiles . | . . Parts Melted . | . . Heat Transferred . | . . Parts Sabotaged . | . . Parts Stolen . | . . Parts Stripped . | . . Power Chain Reactions . | . . Alert | -11 -10 ------- Run | Yrd Mat Peak Influence 238 | 5 238 Initial 3 | . 3 Average 77 | 1 88 Maximum Alert Level 1 | . 1 Low Security (%) 91 | 100 90 Level 1 8 | . 9 Level 2 . | . . Level 3 . | . . Level 4 . | . . Level 5 . | . . High Security . | . . Max Security . | . . Squads Dispatched 4 | . 4 Investigation 3 | . 3 Extermination . | . . Reinforcement 1 | . 1 Assault . | . . Garrison . | . . Intercept . | . . Searches Triggered . | . . Construction Impeded . | . . Haulers Reinforced . | . . Active Scanning Responses . | . . Cargo Convoy Interrupts . | . . Stealth | -11 -10 --------- Run | Yrd Mat Distress Signals 1 | . 1 Communications Jammed . | . . Distress Signals . | . . Times Spotted 20 | . 20 Peak Tracking Total 5 | . 5 Tactical Retreats 2 | . 2 Traps | -11 -10 ------- Run | Yrd Mat Traps Triggered 1 | . 1 Indirectly . | . . Trap Hack Attempts . | . . Triggered . | . . Disarmed . | . . Reprogrammed . | . . Reused . | . . Traps Extracted . | . . Installed . | . . Triggered . | . . Machines | -11 -10 ---------- Run | Yrd Mat Machines Disabled . | . . Max in Single Turn . | . . Machines Repaired . | . . Machines Dismantled . | . . Machines Sabotaged . | . . Overloaded Fab Kills . | . . Hacking | -11 -10 --------- Run | Yrd Mat Machines Accessed 2 | . 2 Terminals 2 | . 2 Fabricators . | . . Repair Stations . | . . Recycling Units . | . . Scanalyzers . | . . Garrison Access . | . . Total Hacks 8 | . 8 Successful 4 | . 4 Failed 4 | . 4 Catastrophic 1 | . 1 Database Lockouts . | . . Manual 3 | . 3 Terminals 8 | . 8 Fabricators . | . . Repair Stations . | . . Recycling Units . | . . Scanalyzers . | . . Garrison Access . | . . Terminal Hacks 4 | . 4 Alert Level 2 | . 2 Investigation Status 1 | . 1 Recall Investigation 1 | . 1 Fabricator Hacks . | . . Repair Station Hacks . | . . Recycling Unit Hacks . | . . Scanalyzer . | . . Garrison Access Hacks . | . . Unauthorized Hacks . | . . Terminals . | . . Fabricators . | . . Repair Stations . | . . Recycling Units . | . . Scanalyzers . | . . Garrison Access . | . . Data Cores Recovered . | . . Used . | . . Hacking Detections 2 | . 2 Full Trace Events 2 | . 2 Feedback Events . | . . Feedback Blocked . | . . Robot Schematics Acquired . | . . Robots Built . | . . Authchips . | . . Time . | . . Total Robot Build Rating . | . . Part Schematics Acquired . | . . Parts Built . | . . Authchips . | . . Time . | . . Total Part Build Rating . | . . Parts Repaired . | . . Time . | . . Parts Recycled . | . . Recycled Matter . | . . Retrieved Matter . | . . Retrieved Components . | . . Parts Scanalyzed . | . . Part Schematics Acquired . | . . Parts Damaged . | . . Bothacking | -11 -10 ------------ Run | Yrd Mat Used RIF Installer . | . . Robots Hacked . | . . Non-combat . | . . Combat . | . . Robot Hacks Applied . | . . Relay Couplers Released . | . . Fabnet Peak Effective % . | . . Robots Rewired . | . . Allies Hacked . | . . Hacks Repelled . | . . Allies | -11 -10 -------- Run | Yrd Mat Total Allies . | . . Largest Group . | . . Highest-Rated Group . | . . Highest-Rated Ally . | . . Total Orders . | . . Ally Attacks . | . . Total Damage . | . . Kills . | . . Allies Corrupted . | . . Allies Melted . | . . Intel | -11 -10 ------- Run | Yrd Mat Robot Analysis Total . | . . Derelict Logs Recovered . | . . Drone Launches . | . . Drone Recoveries . | . . Exploration | -11 -10 ------------- Run | Yrd Mat Turns Passed 546 | 67 479 Spaces Moved 306 | 46 260 Core 9 | 9 . Treads . | . . Legs 297 | 37 260 Wheels . | . . Hover . | . . Flight . | . . Fastest Speed 50 | 50 120 Average Speed 118 | 106 120 Slowest Speed 190 | 120 190 Overloaded Moves . | . . Propulsion Burnouts . | . . Robots Hopped . | . . Cave-ins Triggered . | . . Exploration Rate (%) 35 | 5 65 Regions Visited 1 Branch Regions . Pre-discovered Areas . | . . Known Exits Taken . | . . Unknown Exits Taken 1 | 1 . Scrap Searched . | . . Spaces Dug . | . . Terrain Destroyed 32 | . 32 Melee . | . . Projectile . | . . AOE 32 | . 32 Terrain Rammed . | . . Walls Destroyed . | . . Machines Disabled . | . . Actions | -11 -10 --------- Run | Yrd Mat Total 409 | 61 348 Wait 19 | . 19 Move 305 | 45 260 Hop . | . . Pick Up 18 | 9 9 Fast Attach . | . . Attach 8 | 5 3 Detach . | . . Swap 5 | . 5 Drop 3 | . 3 Fire 50 | 2 48 Melee . | . . Ram . | . . Kick 1 | . 1 Crush . | . . Escape Stasis . | . . Rewire . | . . Trap . | . . Miscellaneous . | . . Route ------- -11/Scrapyard -10/Materials (discovered 1 exit: [*Mat]) History --------- Turn | Location | Event 16 | -11/Scrapyard | Discovered new exit (range 15) 68 | -11/Scrapyard | Entered Materials 296 | -10/Materials | Core integrity fell below 50% 301 | -10/Materials | Build established: Mutant 437 | -10/Materials | Core integrity fell below 20% 484 | -10/Materials | Lost 3 parts (1p1n1w) 530 | -10/Materials | Discovered new exit (range 15) 547 | -10/Materials | Destroyed by G-34 Mercenary with Small Laser Last Messages --------------- Destroyed Flight Unit. S-10 Pest destroyed. R-06 Scavenger collects Sml. Laser. Ion Engine destroyed. Destroyed Flight Unit. S-10 Pest destroyed. The unstable cave ceiling collapses. R-06 Scavenger collects Lgt. Assault Rifle. Grenade Launcher destroyed. G-34 Mercenary suffers critical hit (Destroy). Destroyed Sml. Laser. Aluminum Leg destroyed. Kicked T-07 Excavator. O-16 Technician: "IFF HANDSHAKE FAILED. SECURING TERMINAL." ALERT: Hostiles spotted, dispatching reinforcements to Terminal M006. Seismic Detector destroyed. Acquired Ion Engine. EXIT=FOUND U-05 Engineer works on Matter Pump. Lgt. Assault Rifle destroyed. Map ----- +----------------------------------------------------+ | ??????? #??????????????????????? | | ???????# #??????????????????????? | | ???????# ############?###???????? | | ???????# T ? ??????? | | ???????# ? ??????? | | ######## ? ???#??? | | # """ # """ #??# """ """ #??? | | / """ # """ #??# """ """ #??? | | # """ / """ #??# """ """ ???? | | # # #??# #??? | | # ! # #??# #??? | | # ######/###### """ """ #??? | | #####+##?# ##! """ """ #??? | | ????# #??# ## """ """ #??? | | ????# #??# / #??? | | ##### ??# ##g u #??? | | ###??# ## """g << #??? | | #????# ## g""" #??? | | ??+ ##gg""" #??? | | ##???# ## #??? | | #????# ## #??? | | ### #????#######+### #??? | | ??? #??????????????# #??? | | ???????????????????# #??? | | ???????????????????# ###+###??? | | ???????????????????# @#????????? | | ?????????????# #????????? | | ?????????????+ < #????????? | | ?????????????# #????????? | | ?????????????# ###T####????????? | | ?????????????######??##????????????? | | ???????????????????????????????????? | | ???????????????????????????????????? | | ???????????????????????????????????? | | ???????????????????????????????????? | | ???????????????????????????????????? | | ???????????????????????????????????? | | | | | | | | | | | | | | | | | | | | | | | | | | | +----------------------------------------------------+ Best States ------------- Heat Dissipation 25 Energy Generation 10 Energy Capacity 250 Matter Stores 300 Matter Capacity 300 Sight Range 16 Terrain Scan Density 10 Evasion (%) 55 Item Schematics ----------------- None Robot Schematics ------------------ None Fabricated ------------ Nothing Alien Tech Used ----------------- None Achievements -------------- GoHome() Challenges ------------ None Game ------ Seed ColdRestorationEdition Manual? 0 Play Time 00:09:30 Cumulative 12.9 hours Start 2024.10.18 @ 10:13:39 End 2024.10.18 @ 10:20:53 Sessions 1 Manual Loads 0 Difficulty Rogue Special Mode None Game No. 22 Rogue 22 Adventurer 0 Explorer 0 Win Type - Total 0 Types 0/0/0/0/0/0/0/0/0 Lore% 8 Gallery% 17 Achievement% 16 Wizard Run 0 Options --------- Layout 1 ASCII 1 Keyboard 0 Movement Numpad Keybinds 0 Fullscreen 1 Font 48/Smallcaps Map View 76x35 Zoom Use 0% Tactical HUD 0 Map Filters NONE Filters NONE Steam 1 RUN: fa604383-d274-4dbd-a92b-95d6dcb48fee